 Dungeon Crawl Stone Soup version 0.21.1-1-g345015f (webtiles) character file.

31493 Rynafer the Basher (level 13, -6/84 HPs)
             Began as a Gargoyle Berserker on June 18, 2018.
             Was a Priest of Trog.
             Mangled by an earth elemental (17 damage)
             ... summoned by a deep elf mage
             ... on level 1 of the Elven Halls on June 19, 2018.
             The game lasted 00:58:44 (16066 turns).

Rynafer the Basher (Gargoyle Berserker)            Turns: 16066, Time: 00:58:45

Health: -6/84      AC: 34    Str: 21    XL:     13   Next: 58%
Magic:  0/13       EV:  8    Int:  9    God:    Trog [***...]
Gold:   625        SH: 12    Dex: 15    Spells: 12/12 levels left

rFire    . . .     SeeInvis .   t - +5 demon blade (flame)
rCold    . . .     Gourm    +   R - +0 shield
rNeg     + . .     Faith    .   y - +6 plate armour of Jac Sady {Dex+2}
rPois    ∞         Spirit   +   P - +0 helmet
rElec    +         Reflect  .   W - scarf {Spirit}
rCorr    .         Harm     .   q - +0 pair of gloves
MR       ++...                  s - +0 pair of boots
Stlth    ..........             G - amulet of the gourmand
HPRegen  0.24/turn              Q - ring of protection from magic
MPRegen  0.13/turn              V - ring of protection from magic

@: about to teleport, berserk cooldown
A: negative energy resistance 1, electricity resistance, unbreathing,
petrification resistance, rot immunity, AC +9
a: Berserk, Trog's Hand, Burn Spellbooks, Renounce Religion


You were on level 1 of the Elven Halls.
You worshipped Trog.
Trog was most pleased with you.
You were full.

You visited 4 branches of the dungeon, and saw 14 of its levels.
You also visited: Bailey.

You collected 2343 gold pieces.
You spent 1718 gold pieces at shops.

Inventory:

Hand Weapons
 t - a +5 demon blade of flaming (weapon)
 N - a +4 flail
Armour
 q - a +0 pair of gloves (worn)
 s - a +0 pair of boots (worn)
 y - the +6 plate armour of Jac Sady (worn) {Dex+2}
   (You bought it in a shop on level 2 of the Orcish Mines)

   It affects your dexterity (+2).
 P - a +0 helmet (worn)
 R - a +0 shield (worn)
 W - a scarf of spirit shield (worn)
Jewellery
 h - an uncursed ring of magical power
 G - an amulet of the gourmand (around neck)
 Q - a ring of protection from magic (left hand)
 V - a ring of protection from magic (right hand)
Wands
 n - a wand of iceblast (17)
 I - a wand of flame (23)
 U - a wand of paralysis (13)
Scrolls
 d - 2 scrolls of fear
 f - 2 scrolls of noise {unknown}
 i - 11 scrolls of remove curse
 j - 3 scrolls of teleportation
 p - 2 scrolls of immolation {unknown}
 r - 3 scrolls of enchant weapon {unknown}
 v - 2 scrolls of enchant armour {unknown}
 B - 2 scrolls of fog {unknown}
 E - 2 scrolls of random uselessness {unknown}
 F - 4 scrolls of magic mapping
 O - a scroll of blinking {unknown}
Potions
 a - a potion of invisibility
 b - 2 potions of degeneration
 e - 2 potions of magic
 g - 7 potions of curing
 k - a potion of brilliance
 l - 2 potions of haste
 o - a potion of agility
 u - 4 potions of lignification
 w - 3 potions of mutation
 z - 3 potions of cancellation
 A - a potion of berserk rage
 C - a potion of experience
 H - a potion of flight
 M - a potion of ambrosia {unknown}
Miscellaneous
 m - a fan of gales
Comestibles
 c - 20 rations


   Skills:
 + Level 10.9 Fighting
 + Level 1.8 Long Blades
   Level 4.3(9.5) Axes
 + Level 13.8(14.0) Maces & Flails
 + Level 10.3 Armour
 + Level 4.8 Dodging
 + Level 2.8 Stealth
 + Level 10.4 Shields


You had 12 spell levels left.
You didn't know any spells.

Dungeon Overview and Level Annotations

Branches:
Dungeon (10/15)            Temple (1/1) D:6            Lair (0/6) D:10
    Orc (2/2) D:10            Elf (1/3) Orc:2

Altars:
Ashenzari
Cheibriados
Dithmenos
Elyvilon
Fedhas
Gozag
Hepliaklqana
Kikubaaqudgha
Makhleb
Nemelex Xobeh
Okawaru
Qazlal
Ru
Sif Muna
Trog
Uskayaw
Vehumet
Wu Jian
Xom
Yredelemnul
Zin
The Shining One

Shops:
D:4 :   D:6 !*:   D:10 =*   Orc:2 ![[*


Innate Abilities, Weirdness & Mutations

You are resistant to torment.
Your stone body is resilient. (AC +9)
You are immune to poison.
You resist negative energy. (rN+)
You are resistant to electric shocks. (rElec)
You can survive without breathing.
You are immune to petrification.
You are immune to rotting.


Message History

You slash the earth elemental!
The earth elemental is moderately damaged.
You feel yourself speed up.
The deep elf mage gestures wildly while chanting.
The deep elf mage blinks!
You block the earth elemental's attack. The earth elemental hits you!!
The earth elemental hits you.
You feel much better. The earth elemental hits you!
The earth elemental hits you but does no damage.
Unknown command.
Okay, then.
As you read the scroll of teleportation, it crumbles to dust.
You feel strangely unstable. You block the earth elemental's attack.
There are monsters nearby!
You barely miss the earth elemental. You block the earth elemental's attack.
The deep elf mage casts a spell.
The deep elf mage blinks!
The earth elemental hits you. The earth elemental hits you!!
* * * LOW HITPOINT WARNING * * *
The earth elemental hits you!!
You die...

... ... ... #'# #.#
#.##########
########.#E@E......
#......e.§#E#######
....#...###.# . #.##.## #.#
# #...## ### #.#####.##
###.#
#........###.#'######## ##
########..#..[.)...).)#####.
#.#.###..8..8.)..)...


You could see 3 earth elementals and a deep elf mage.

Vanquished Creatures
  Asterion (Elf:1)
  2 ettins (Orc:2)
  The ghost of Rynafer the Blocker, a journeyman GnFi of Okawaru (Orc:2)
  Josephine (Orc:2)
  2 ogre magi (Orc:2)
  9 two-headed ogres
  A deep elf knight (Elf:1)
  2 deep trolls (Orc:2)
  A deep elf archer (Elf:1)
  2 orc knights
  6 deep elf magi (Elf:1)
  2 cyclopes (Orc:2)
  Psyche (D:9)
  A komodo dragon (D:10)
  8 trolls (Orc:2)
  3 hippogriffs
  The ghost of Rynafer the Shield-Bearer, an amateur GrFi (D:4)
  13 yaks (D:10)
  4 wraiths (Orc:2)
  A wyvern (D:7)
  A hungry ghost (D:10)
  2 wargs (Orc:2)
  Menkaure (D:7)
  2 black bears (D:10)
  2 hell hounds (D:10)
  A necrophage (D:9)
  14 orc warriors
  3 phantoms
  21 ogres
  4 centaurs
  A big kobold (D:9)
  5 bullfrogs
  A gnoll sergeant (D:8)
  5 scorpions
  The ghost of CryoXil the Skirmisher, a weakling NaFi (D:3)
  9 killer bees (D:10)
  13 wights
  4 howler monkeys
  An electric eel (D:10)
  A lava snake (D:10)
  4 crimson imps
  4 hounds
  2 jellies (D:9)
  7 orc priests
  12 orc wizards
  An iguana (D:8)
  8 worker ants
  A killer bee zombie (D:6)
  2 worker ant zombies
  8 adders
  3 gnolls (D:8)
  A howler monkey skeleton (D:7)
  2 shadow imps (D:9)
  2 oozes
  An adder zombie (D:5)
  A worm (D:3)
  4 leopard geckos
  74 orcs
  3 ball pythons
  5 bats
  A bat zombie (D:7)
  15 giant cockroaches
  9 goblins
  7 hobgoblins
  7 jackals (D:1)
  9 kobolds
  6 quokkas
  5 frilled lizards
  A giant cockroach zombie (D:5)
  A jackal skeleton (D:4)
  7 rats
  A rat zombie (D:7)
368 creatures vanquished.

Notes
Turn   | Place    | Note
-------+----------+-------------------------------------------
     0 | D:1      | Rynafer the Gargoyle Berserker began the quest for the Orb.
     0 | D:1      | Reached XP level 1. HP: 14/14 MP: 1/1
   162 | D:1      | Reached XP level 2. HP: 8/19 MP: 2/2
   607 | D:1      | Reached XP level 3. HP: 20/24 MP: 3/3
   718 | D:1      | Reached ** piety under Trog
  1446 | D:2      | Found an opulent altar of Gozag.
  1610 | D:2      | Reached XP level 4. HP: 29/29 MP: 4/4
  1774 | D:3      | Noticed CryoXil's ghost (weakling NaFi)
  1784 | D:3      | Killed CryoXil's ghost
  1784 | D:3      | Reached skill level 4 in Maces & Flails
  1784 | D:3      | Reached XP level 5. HP: 33/33 MP: 5/5
  2526 | D:4      | Reached skill level 1 in Axes
  2530 | D:4      | Reached *** piety under Trog
  2599 | D:4      | Reached XP level 6. HP: 33/39 MP: 6/6
  2609 | D:4      | Found an ornate altar of the Wu Jian Council.
  2662 | D:4      | Noticed Rynafer's ghost (amateur GrFi)
  2676 | D:4      | Killed Rynafer's ghost
  2816 | D:4      | Reached XP level 7. HP: 43/44 MP: 7/7
  3080 | D:4      | Found Ytaciotont's Book Shoppe.
  3504 | D:5      | Entered Level 5 of the Dungeon
  3631 | D:5      | Reached skill level 5 in Fighting
  3699 | D:5      | Reached skill level 5 in Maces & Flails
  4171 | D:5      | Reached XP level 8. HP: 47/49 MP: 8/8
  4441 | D:6      | Found Oguydaez's Distillery.
  4453 | D:6      | Reached skill level 1 in Stealth
  4515 | D:6      | Bought a potion of invisibility for 88 gold pieces
  4515 | D:6      | Bought a potion of flight for 33 gold pieces
  4515 | D:6      | Bought a potion of agility for 44 gold pieces
  4515 | D:6      | Bought a potion of heal wounds for 55 gold pieces
  4574 | D:6      | Found a staircase to the Ecumenical Temple.
  4596 | D:6      | Reached skill level 6 in Maces & Flails
  4624 | Temple   | Entered the Ecumenical Temple
  4987 | D:6      | Found Efot's Book Shoppe.
  5247 | D:6      | Found a burning altar of Makhleb.
  5477 | D:6      | Found Zeqa's Assorted Antiques.
  5499 | D:6      | Bought a scroll labeled RUITEF NIYBAN for 23 gold pieces
  5499 | D:6      | Bought a scroll labeled YCKONU XAJIB for 23 gold pieces
  5499 | D:6      | Bought a scroll labeled OSUHIY MIBATIN for 23 gold pieces
  5594 | D:6      | Reached **** piety under Trog
  5861 | D:7      | Reached skill level 7 in Maces & Flails
  5953 | D:7      | Reached skill level 5 in Armour
  5953 | D:7      | Reached XP level 9. HP: 55/55 MP: 9/9
  6050 | D:7      | Reached skill level 1 in Long Blades
  6097 | D:7      | Found a hide-covered altar of Uskayaw.
  6376 | D:7      | Noticed Menkaure
  6389 | D:7      | Killed Menkaure
  6389 | D:7      | Reached skill level 8 in Maces & Flails
  6686 | D:7      | Found an ancient bone altar of Kikubaaqudgha.
  7470 | D:8      | Noticed a two-headed ogre
  7541 | D:7      | Killed a two-headed ogre
  7541 | D:7      | Reached skill level 9 in Maces & Flails
  7541 | D:7      | Reached XP level 10. HP: 54/63 MP: 10/10
  7623 | D:8      | Found a shimmering altar of Xom.
  7800 | D:8      | Found a snail-covered altar of Cheibriados.
  8068 | D:9      | Noticed Psyche
  8076 | D:9      | Killed Psyche
  8477 | D:9      | Reached skill level 1 in Shields
  8825 | D:10     | Entered Level 10 of the Dungeon
  8837 | D:10     | Reached skill level 10 in Maces & Flails
  9164 | D:10     | Reached XP level 11. HP: 69/69 MP: 11/11
  9171 | D:10     | Noticed a two-headed ogre
  9492 | D:9      | HP: 3/69 [two-headed ogre/giant club (17)]
  9573 | D:9      | Killed a two-headed ogre
  9573 | D:9      | Reached skill level 11 in Maces & Flails
  9933 | D:10     | Found a stormy altar of Qazlal.
 10129 | D:10     | Found a staircase to the Orcish Mines.
 10361 | D:10     | Found a staircase to the Lair.
 10494 | D:10     | Found Lyteg's Assorted Antiques.
 10494 | D:10     | Noticed a two-headed ogre
 10523 | D:10     | Killed a two-headed ogre
 10523 | D:10     | Reached skill level 5 in Shields
 10877 | D:10     | Bought a scroll labeled RUITEF NIYBAN for 27 gold pieces
 10877 | D:10     | Bought a scroll labeled DAATHR TYHAES for 27 gold pieces
 10877 | D:10     | Bought a scroll labeled KAIFIU TECKECW for 27 gold pieces
 10877 | D:10     | Bought a glowing steel ring for 135 gold pieces
 10877 | D:10     | Bought a scroll labeled UMOADI QIFAAT for 27 gold pieces
 10941 | D:10     | Found Hoepn's Jewellery Emporium.
 11183 | Orc:1    | Entered Level 1 of the Orcish Mines
 11680 | Orc:1    | Found a flagged portal.
 11715 | Bailey   | Entered a bailey
 11717 | Bailey   | Noticed an orc knight
 12046 | Bailey   | Noticed an orc knight
 12058 | Bailey   | Killed an orc knight
 12799 | Orc:2    | Entered Level 2 of the Orcish Mines
 12799 | Orc:2    | Found a staircase to the Elven Halls.
 12839 | Orc:2    | Noticed Rynafer's ghost (journeyman GnFi)
 12943 | Orc:2    | Noticed an orc knight
 13073 | Orc:2    | Killed an orc knight
 13209 | Orc:2    | Reached XP level 12. HP: 76/76 MP: 9/12
 13245 | Orc:2    | Noticed Josephine
 13256 | Orc:2    | Killed Josephine
 13256 | Orc:2    | Reached skill level 12 in Maces & Flails
 13259 | Orc:2    | Noticed a two-headed ogre
 13275 | Orc:2    | Noticed a two-headed ogre
 13282 | Orc:2    | Killed a two-headed ogre
 13290 | Orc:2    | Killed a two-headed ogre
 13367 | Orc:2    | Noticed a two-headed ogre
 13844 | Orc:2    | Noticed an ettin
 13861 | Orc:2    | Killed an ettin
 13861 | Orc:2    | Reached skill level 10 in Fighting
 14081 | Orc:2    | Noticed a two-headed ogre
 14085 | Orc:2    | Noticed an ogre mage
 14099 | Orc:2    | Killed an ogre mage
 14104 | Orc:2    | Killed a two-headed ogre
 14255 | Orc:2    | Killed a two-headed ogre
 14363 | Orc:2    | Noticed a two-headed ogre
 14374 | Orc:2    | Killed a two-headed ogre
 14532 | Orc:2    | Reached skill level 13 in Maces & Flails
 14534 | Orc:2    | Noticed an ogre mage
 14553 | Orc:2    | Killed an ogre mage
 14605 | Orc:2    | Found Vyocem's Armour Emporium.
 14615 | Orc:2    | Found Vut Qejo's Assorted Antiques.
 14628 | Orc:2    | Noticed a two-headed ogre
 14645 | Orc:2    | Killed a two-headed ogre
 14645 | Orc:2    | Reached XP level 13. HP: 83/83 MP: 13/13
 14787 | Orc:2    | Killed Rynafer's ghost
 15055 | Orc:2    | Noticed an ettin
 15067 | Orc:2    | Killed an ettin
 15100 | Orc:2    | Found Dowo's Distillery.
 15101 | Orc:2    | Found Vodul's Armour Shoppe.
 15110 | Orc:2    | Bought the +6 plate armour of Jac Sady {Dex+2} for 898 gold pieces
 15136 | Orc:2    | Bought a potion of lignification for 48 gold pieces
 15136 | Orc:2    | Bought a potion of agility for 64 gold pieces
 15136 | Orc:2    | Bought a potion of lignification for 48 gold pieces
 15136 | Orc:2    | Bought a potion of invisibility for 128 gold pieces
 15339 | Orc:2    | Reached skill level 10 in Armour
 15339 | Orc:2    | Reached skill level 10 in Shields
 15617 | Elf:1    | Entered Level 1 of the Elven Halls
 15703 | Elf:1    | Noticed Asterion
 15722 | Elf:1    | Noticed an Executioner
 15725 | Elf:1    | Killed Asterion
 16066 | Elf:1    | Mangled by an earth elemental

Skill      XL: |  1  2  3  4  5  6  7  8  9 10 11 12 13 |
---------------+----------------------------------------+-----
Dodging        | 2 3 4 |  4.8
Fighting       | 4 5 6 7 8 9 10 | 10.9
Maces & Flails | 4 5 7 9 10 11 13 | 13.8
Axes           | 1 3 4 |  4.3
Armour         | 3 5 7 8 9 10 | 10.3
Stealth        | 1 2 |  2.8
Long Blades    | 1 |  1.8
Shields        | 4 6 9 10 | 10.4

Action                   |  1- 3 |  4- 6 |  7- 9 | 10-12 | 13-15 || total
-------------------------+-------+-------+-------+-------+-------++-------
Melee: Mace              |   120 |       |   112 |       |       ||   232
       Hand axe          |     3 |   107 |    28 |       |       ||   138
       Dire flail        |       |       |    80 |       |       ||    80
       Great sword       |       |       |     1 |       |       ||     1
       Flail             |       |       |    32 |   902 |   219 ||  1153
       Demon blade       |       |       |       |       |    58 ||    58
Invok: Berserk           |     1 |     4 |    11 |    28 |     6 ||    50
       Trog's Hand       |       |     1 |    10 |    24 |     5 ||    40
       Burn Spellbooks   |       |       |     2 |       |       ||     2
       Brothers in Arms  |       |       |       |     2 |       ||     2
  Use: Scroll            |       |       |     3 |    14 |     1 ||    18
       Potion            |       |       |     2 |     5 |     2 ||     9
 Stab: Invisible         |       |       |     1 |       |       ||     1
  Eat: Chunk             |     3 |     8 |    29 |    69 |    10 ||   119
       Ration            |       |       |     1 |       |       ||     1
Armor: Leather armour    |    82 |     2 |       |       |       ||    84
       Ring mail         |       |     4 |    57 |    65 |       ||   126
       Scale mail        |       |    35 |       |       |       ||    35
       Plate armour      |       |       |   125 |   543 |   177 ||   845
Dodge: Dodged            |   126 |    74 |   144 |   262 |    63 ||   669
Block: Shield            |       |       |       |   480 |   161 ||   641
       Rpst.: Great sword |       |       |     2 |       |       ||     2
       Demon blade       |       |       |       |       |     6 ||     6
